 Dungeon Crawl Stone Soup version 0.32-a0-450-g080537f31e (webtiles) character file.

Game seed: 10991732948279159454

1463453 ragingrage the Middleweight Champion (level 27, 146/249 HPs)
             Began as a Ghoul Necromancer on Feb 23, 2024.
             Was a Follower of Uskayaw.
             Escaped with the Orb
             ... and 3 runes!
             The game lasted 02:24:37 (92596 turns).

ragingrage the Middleweight Champion (GhNe)        Turns: 92596, Time: 02:24:38

Health: 146/249    AC: 29    Str: 26      XL:     27
Magic:  32/36      EV: 17    Int: 14 (16) God:    Uskayaw [*.....]
Gold:   2960       SH: 10    Dex:  8 (11) Spells: 13/34 levels left

rFire   + .          .
                       - Unarmed
rCold   + . .        Y - +3 warlock's mirror {omnireflect}
rNeg    + + +        y - quicksilver dragon scales
rPois   ∞            U - +0 mask of the Dragon {Will+ Slay+3 SInv}
rElec   .            H - +4 dragonskin cloak
rCorr   .            h - +2 pair of gloves {hurl}
SInv    +            E - +2 pair of boots {rampage}
Will    ++++.        m - amulet "Wetoutiv" {Spirit Int+2 Dex+2}
Stlth   +            b - ring of the Octopus King {rN+ HP+2 AC+2 EV+2 SH+2}
HPRegen 0.00/turn    i - ring of protection from fire
MPRegen 0.25/turn

%: reflection, guardian spirit, rampage
@: inhibited regen
A: claws 1, cold resistance 1, negative energy resistance 3, inhibited
regeneration, torment resistance 2, devour on kill
0: Orb of Zot
}: 3/15 runes: decaying, serpentine, slimy
a: Renounce Religion, Stomp


You escaped.
You worshipped Uskayaw.
Uskayaw was most pleased with you.
You visited 12 branches of the dungeon, and saw 54 of its levels.
You visited the Abyss 1 time.
You visited 2 bazaars.
You also visited: Trove and Wizlab.

You collected 7069 gold pieces.
You spent 4109 gold pieces at shops.

Inventory:

Missiles
 r - 11 boomerangs (quivered)
 F - 6 curare-tipped darts
 O - 12 javelins
Armour
 e - the +3 ring mail of the Guardian {rElec rCorr}
   (You bought it in a shop in a bazaar)

   rElec:     It insulates you from electricity.
   rCorr:     It protects you from acid and corrosion.
 h - a +2 pair of gloves of hurling (worn)
 y - quicksilver dragon scales (worn)
 E - a +2 pair of boots of rampaging (worn)
 H - the +4 dragonskin cloak (worn)
   (You took it off Tiamat on level 1 of the Realm of Zot)

   Avatar's Aegis: It grants the wearer a chance to resist fire, cold, poison,
   electricity, acid, and negative energy.
 U - the +0 mask of the Dragon (worn) {Will+ Slay+3 SInv}
   (You found it on level 13 of the Dungeon)

   Slay+3:    It affects your accuracy & damage with ranged weapons and melee
   (+3).
   Will+:     It increases your willpower.
   SInv:      It lets you see invisible.
 Y - the +3 warlock's mirror (worn) {omnireflect}
   (You acquired it on level 2 of the Swamp)

   Omnireflect: It can block and reflect piercing ranged attacks and magical
   attacks against the wielder's willpower.
Jewellery
 b - a ring of the Octopus King (left hand) {rN+ HP+2 AC+2 EV+2 SH+2}
   (You took it off a frost giant on level 2 of the Depths)

   [ring of positive energy]

   AC+2:      It affects your AC (+2).
   EV+2:      It affects your evasion (+2).
   rN+:       It protects you from negative energy.
   HP+2:      It affects your health (+2).
   SH+2:      It affects your SH (+2).
 i - a ring of protection from fire (right hand)
 m - the amulet "Wetoutiv" (around neck) {Spirit Int+2 Dex+2}
   (You acquired it on level 2 of the Depths)

   [amulet of guardian spirit]

   Spirit:    It causes incoming damage to be divided between your reserves of
   health and magic.
   Int+2:     It affects your intelligence (+2).
   Dex+2:     It affects your dexterity (+2).
 q - the ring of Wariness {*Corrode rElec rN+ Str+3 Int+5}
   (You found it on level 2 of the Realm of Zot)

   [ring of positive energy]

   Str+3:     It affects your strength (+3).
   Int+5:     It affects your intelligence (+5).
   rElec:     It insulates you from electricity.
   rN+:       It protects you from negative energy.
   *Corrode:  It may corrode you when you take damage.
 v - a ring of resist corrosion
 J - a ring of protection from cold
 Q - the ring of the Equinox {Fly Dex+5}
   (You took it off a frost giant on level 2 of the Depths)

   [ring of flight]

   Dex+5:     It affects your dexterity (+5).
   Fly:       It grants you flight.
Wands
 G - a wand of acid (11)
 K - a wand of digging (16)
 R - a wand of charming (42)
 V - a wand of mindburst (20)
 W - a wand of iceblast (46)
 X - a wand of polymorph (23)
Scrolls
 l - 11 scrolls of immolation
 n - 7 scrolls of noise
 o - 11 scrolls of poison
 p - 2 scrolls of enchant armour
 s - 9 scrolls of revelation
 x - 7 scrolls of fear
 z - 2 scrolls of torment
 A - 3 scrolls of silence
 B - 6 scrolls of amnesia
 D - 8 scrolls of vulnerability
 L - a scroll of blinking
 M - 9 scrolls of teleportation
 P - 2 scrolls of summoning
 S - 13 scrolls of fog
Potions
 a - 14 potions of brilliance
 c - 3 potions of magic
 d - 3 potions of resistance
 f - 2 potions of invisibility
 g - 20 potions of curing
 j - 9 potions of cancellation
 k - 12 potions of heal wounds
 t - 13 potions of enlightenment
 w - 4 potions of attraction
 C - 5 potions of ambrosia
 I - 10 potions of might
Miscellaneous
 N - a lightning rod (4/4)
 T - a sack of spiders
 Z - a tin of tremorstones (1/2)


   Skills:
 + Level 20.3 Fighting
 - Level 4.0 Ranged Weapons
 - Level 16.0 Throwing
 - Level 14.0 Armour
 - Level 16.0 Dodging
 - Level 8.0 Stealth
 - Level 6.0 Shields
 O Level 27 Unarmed Combat
 - Level 4.0 Spellcasting
 - Level 16.0 Necromancy
 - Level 5.0 Translocations
 - Level 7.0 Earth Magic
 - Level 19.0 Invocations
 - Level 12.0 Evocations


You had 13 spell levels left.
You knew the following spells:

 Your Spells              Type           Power      Damage    Failure   Level
a - Fugue of the Fallen   Necr           47%        N/A       1%          3
b - Death Channel         Necr           23%        N/A       6%          6
c - Animate Dead          Necr           47%        N/A       1%          4
d - Apportation           Tloc           32%        N/A       3%          1
e - Blink                 Tloc           32%        N/A       6%          2
f - Borgnjor's Vile Clut  Necr/Erth      17%        N/A       8%          5

Your spell library contained the following spells:

 Spells                   Type           Power      Damage    Failure   Level
 Kiss of Death            Conj/Necr      100%       2d13      1%          1
 Necrotise                Necr           100%       1d9       1%          1
 Vampiric Draining        Necr           47%        2d9       1%          3
 Dispel Undead            Necr           47%        3d18      1%          4
 Curse of Agony           Necr           47%        N/A       1%          5
 Cigotuvi's Dreadful Rot  Necr/Alch/Air  34%        N/A       5%          2
 Anguish                  Hex/Necr       12%        N/A       11%         4
 Martyr's Knell           Necr/Summ      25%        N/A       11%         4
 Gell's Gravitas          Tloc           16%        N/A       12%         3
 Teleport Other           Tloc           16%        N/A       12%         3
 Stone Arrow              Conj/Erth      24%        3d8       22%         3
 Foxfire                  Conj/Fire      8%         2x1d4     30%         1
 Freeze                   Ice            8%         1d3       30%         1
 Magic Dart               Conj           8%         1d3       30%         1
 Shock                    Conj/Air       8%         1d3       30%         1
 Sting                    Conj/Alch      8%         1d3       30%         1
 Summon Small Mammal      Summ           8%         N/A       30%         1
 Volatile Blastmotes      Fire/Tloc      18%        2d11      32%         3
 Passage of Golubria      Tloc           16%        N/A       36%         4
 Call Imp                 Summ           4%         N/A       41%         2
 Mercury Vapours          Alch/Air       4%         N/A       41%         2
 Scorch                   Fire           4%         2d5       41%         2
 Searing Ray              Conj           4%         2d4       41%         2
 Animate Armour           Summ/Erth      24%        N/A       56%         4
 Brom's Barrelling Bould  Conj/Erth      12%        2d4       56%         4
 Petrify                  Alch/Erth      12%        N/A       56%         4
 Call Canine Familiar     Summ           2%         N/A       65%         3
 Confusing Touch          Hex            2%         N/A       65%         3
 Frozen Ramparts          Ice            4%         1d1       65%         3
 Hailstorm                Conj/Ice       2%         3d5       65%         3
 Inner Flame              Hex/Fire       2%         N/A       65%         3
 Ozocubu's Armour         Ice            2%         N/A       65%         3
 Sigil of Binding         Hex            2%         N/A       65%         3
 Summon Ice Beast         Ice/Summ       2%         N/A       65%         3
 Swiftness                Air            2%         N/A       65%         3
 Tukima's Dance           Hex            2%         N/A       65%         3
 Dimensional Bullseye     Hex/Tloc       4%         N/A       71%         4
 Iskenderun's Mystic Bla  Conj/Tloc      9%         2d4       71%         4
 Vhi's Electric Charge    Tloc/Air       18%        N/A       71%         4
 Airstrike                Air            1%         2d(1-17)  96%         4
 Cause Fear               Hex            1%         N/A       96%         4
 Flame Wave               Conj/Fire      2%         2d4       96%         4
 Fulminant Prism          Conj/Alch      1%         3d5       96%         4
 Ignite Poison            Fire/Alch      2%         N/A       96%         4
 Olgreb's Toxic Radiance  Alch           2%         N/A       96%         4
 Sticky Flame             Fire/Alch      2%         2d4       96%         4
 Summon Blazeheart Golem  Fire/Summ      2%         N/A       96%         4
 Dispersal                Tloc           8%         N/A       99%         6
 Arcjolt                  Conj/Air       1%         1d11      100%        5
 Fireball                 Conj/Fire      1%         3d3       100%        5
 Freezing Cloud           Conj/Ice/Air   1%         6-21      100%        5
 Irradiate                Conj/Alch      1%         3d12      100%        5
 Iskenderun's Battlesphe  Conj           2%         2d6       100%        5
 Metabolic Englaciation   Hex/Ice        1%         N/A       100%        5
 Silence                  Hex/Air        1%         N/A       100%        5
 Summon Mana Viper        Hex/Summ       2%         N/A       100%        5
 Yara's Violent Unravell  Hex/Alch       1%         3d3       100%        5
 Conjure Ball Lightning   Conj/Air       1%         3x3d6     100%        6
 Eringya's Noxious Bog    Alch           1%         4d6       100%        6
 Plasma Beam              Fire/Air       1%         2x1d11    100%        6
 Sculpt Simulacrum        Ice/Alch       1%         N/A       100%        6
 Starburst                Conj/Fire      1%         6d3       100%        6
 Summon Cactus Giant      Summ           1%         N/A       100%        6
 Enfeeble                 Hex            1%         N/A       100%        7
 Haunt                    Necr/Summ      12%        N/A       100%        7
 Monstrous Menagerie      Summ           1%         N/A       100%        7
 Orb of Destruction       Conj           1%         9d5       100%        7
 Ozocubu's Refrigeration  Ice            1%         4d7       100%        7
 Discord                  Hex            1%         N/A       100%        8
 Disjunction              Tloc           8%         N/A       100%        8
 Ignition                 Fire           1%         3d3       100%        8
 Lehudib's Crystal Spear  Conj/Erth      6%         10d3      100%        8
 Maxwell's Capacitive Co  Air            1%         ∞         100%        8
 Chain Lightning          Conj/Air       1%         3d1       100%        9
 Dragon's Call            Summ           1%         N/A       100%        9
 Fire Storm               Conj/Fire      1%         7d1       100%        9
 Shatter                  Erth           11%        3d12*     100%        9
 Sublimation of Blood     Necr           Unusable   N/A       N/A         2
 Borgnjor's Revivificati  Necr           Unusable   N/A       N/A         8
 Death's Door             Necr           Unusable   N/A       N/A         9

Dungeon Overview and Level Annotations

Branches:
Dungeon (15/15)            Temple (1/1) D:6            Lair (5/5) D:11
  Swamp (4/4) Lair:2        Snake (4/4) Lair:3        Slime (5/5) Lair:5
    Orc (2/2) D:11            Elf (3/3) Orc:2        Vaults (4/5) D:14
  Crypt (2/3) Vaults:3     Depths (4/4) D:15            Zot (5/5) Depths:4
 WizLab (visited)

Altars:
Ashenzari
Cheibriados
Dithmenos
Fedhas
Gozag
Hepliaklqana
Kikubaaqudgha
Makhleb
Nemelex Xobeh
Okawaru
Qazlal
Ru
Sif Muna
Trog
Uskayaw
Vehumet
Wu Jian
Xom
Yredelemnul
Beogh
Jiyva

Shops:
D:3 *   D:13 *   Orc:1 (   Orc:2 !=[(!   Elf:1 *:=?   Elf:2 !   Snake:3 ==:
Depths:3 ::=

Portals:
Hell: Depths:1 Depths:2 Depths:3 Depths:4
Abyss: Depths:3 Depths:4
Pandemonium: Depths:2
Ziggurat: Depths:4

Annotations:
D:13 exclusion: orange crystal statue
Swamp:3 2 transporters, Okut Hesm's ghost, adept OnWr
Snake:2 exclusion: downstairs
Slime:4 exclusion: downstairs
Elf:2 8 runed translucent doors, exclusion: obsidian statue, Xuahaunu's ghost, adept MfIE
Depths:1 1 exclusion
Zot:5 2 exclusions


Innate Abilities, Weirdness & Mutations

You are immune to poison.
You have sharp fingernails.
Your flesh is cold resistant. (rC+)
You are immune to negative energy. (rN+++)
You do not regenerate when monsters are visible.
You are immune to unholy pain and torment.
You thrive by killing the living.


Message History

There is a stone staircase leading down here.
Press: ? - help, v - describe, . - travel
Here: Besuh The floor.
Aiming: Corrosive Bolt
Press: ? - help, Shift-Dir - straight line, f - Besuh
Aim: Besuh (21% to hit)
The bolt of acid misses Besuh.
Besuh hits you.
You feel your attacks grow feeble. Besuh hits you but does no damage.
You feel your willpower return. You block Besuh's attack.
Blink to where?
Press: ? - help, Dir - move target, p - Besuh
As you read the scroll of blinking, it crumbles to dust.
Blink to where?
Press: ? - help, Dir - move target
As you read the scroll of blinking, it crumbles to dust.
There is a stone staircase leading up here.
You can't go down here!
You climb upwards.
There is a stone staircase leading down here.
You can't go up here!
You start resting.
Your attacks no longer feel as feeble.
(D) Dungeon (T) Temple (L) Lair (S) Swamp (P) Snake Pit (M) Slime Pits (O) Orcish Mines (E) Elven Halls (V) Vaults (C) Crypt (U) Depths (H) Hell (Z) Zot
Where to? (Tab/Enter - D:4 @ (x,y), ? - help)
What level of the Dungeon? (default 4, ? - help)
There is a stone staircase leading up here.
You climb upwards.
There is a stone staircase leading down here.
A blizzard demon comes into view.
There is a staircase leading out of the dungeon here.
The blizzard demon gestures at you. The bolt of cold hits you!! You resist.
You have escaped!

####............###.~~≈≈#
#....)...........~.~≈# #
##.................≈≈# #
###.............~~~≈# #
#.............~~≈≈#
##...........~~.~≈#
#..........ß..[~≈#
#..........~~.≈~≈#
##......ß@...~~≈≈#
#.ß.2...~~~~~~≈≈#
##...ß..~.~~~~≈≈≈#
#........~~≈≈≈≈≈≈
#~.~~~.~~.≈≈≈≈≈≈≈
#≈...~~~~~≈≈≈≈≈≈≈
#≈~≈≈~~≈~≈≈≈≈≈≈≈≈
#≈≈≈≈≈≈≈≈≈≈≈≈≈≈≈≈
############


You could see a blizzard demon.

Vanquished Creatures
  the Royal Jelly (Slime:5)
  Tiamat (Zot:1)
  Frederick (Depths:3)
  9 orbs of fire
  2 ancient liches (Zot:5)
  Xtahua (Vaults:3)
  Josephina (Depths:2)
  5 Killer Klowns
  Bai Suzhen (Crypt:1)
  Boris (Depths:1)
  Saint Roka (Vaults:1)
  Margery (Depths:3)
  A curse toe (Zot:4)
  Vashnia (Snake:3)
  6 golden dragons
  3 caustic shrikes (Depths:4)
  A bone dragon (Abyss:3)
  A Tzitzimitl (Depths:2)
  A hellephant (Depths:3)
  11 tentacled monstrosities
  A shard shrike zombie (Abyss:3)
  2 electric golems (Zot:5)
  Zenata (Vaults:1)
  3 quicksilver dragons
  25 acid blobs
  A shard shrike skeleton (Crypt:2)
  15 Orb Guardians
  A walking divine tome (Depths:2)
  A walking frostbound tome (WizLab)
  2 sphinxes
  A deep elf master archer (Elf:3)
  3 deep elf blademasters (Elf:3)
  An Executioner (Depths:4)
  An ancient champion (Crypt:1)
  8 death cobs
  A thorn hunter (Swamp:4)
  3 tentacled starspawn (Abyss:3)
  11 storm dragons
  2 tengu reavers
  Aizul (Snake:3)
  10 shadow dragons
  3 protean progenitors
  A fenstrider witch (Swamp:2)
  10 azure jellies
  Donald (Orc:2)
  The ghost of Azoth the Brawler, a journeyman TrSh of Beogh (Lair:4)
  2 draconian knights
  A draconian scorcher (Zot:5)
  11 draconian monks
  A strange machine (WizLab)
  6 fire giants
  8 rockslimes
  6 frost giants
  11 vault wardens
  6 nagarajas
  2 draconian shifters
  A ghost moth (Zot:2)
  3 deep elf elementalists (Elf:3)
  7 deep elf sorcerers
  A balrug (Depths:4)
  2 ghouls (Crypt:1)
  A juggernaut zombie (Depths:1)
  4 orc warlords
  A cacodemon (D:4)
  A curse skull (Vaults:3)
  27 very ugly things
  8 quicksilver oozes
  A spriggan defender (Depths:2)
  A draconian stormcaller (Depths:4)
  14 stone giants
  2 draconian annihilators
  16 ironbound preservers
  A juggernaut skeleton (Crypt:1)
  A formless jellyfish (Vaults:3)
  A rockslime zombie (Crypt:1)
  10 vampire knights
  7 ironbound thunderhulks
  10 eleionomae
  8 green draconians
  Nessos (Orc:2)
  A war gargoyle (Vaults:3)
  4 deep elf demonologists (Elf:3)
  5 bunyips
  9 black draconians
  5 deep elf death magi
  7 white draconians
  Azrael (Elf:1)
  A lorocyproca (Depths:2)
  6 yellow draconians
  A spark wasp (Depths:3)
  7 dire elephants (Vaults:2)
  Snorg (Lair:4)
  7 red draconians
  5 acid blob zombies (Slime:5)
  8 deep elf annihilators (Elf:3)
  An eidolon (Abyss:3)
  12 purple draconians
  3 jiangshi
  5 ettins
  2 deep elf high priests (Elf:3)
  An entropy weaver (Vaults:1)
  4 fire dragons
  10 yaktaur captains
  12 rakshasas
  Erolcha (D:12)
  15 hydras
  8 great orbs of eyes
  Harold (D:9)
  10 ironbound frosthearts
  5 salamander tyrants (Snake:4)
  The ghost of Stellion the Cleaver, a journeyman CoGl of Okawaru (D:9)
  3 vault guards
  5 spriggan air magi
  7 ice dragons
  3 catoblepae
  4 ghost crabs
  9 anacondas
  A radroach (Zot:5)
  11 centaur warriors
  13 two-headed ogres
  26 dancing weapons
  7 boulder beetles
  12 alligators
  2 deep troll shamans
  3 death knights
  14 naga warriors
  An azure jelly zombie (Slime:5)
  5 death yaks
  4 orc high priests
  A tengu warrior (D:13)
  7 naga sharpshooters
  3 deep troll earth magi
  A demonic crawler (Abyss:3)
  2 occultists (Depths:2)
  A vampire mage (Depths:2)
  2 thrashing horrors (Abyss:3)
  10 shock serpents
  Urug (Lair:1)
  6 spriggan berserkers
  3 soul eaters
  8 spriggans
  4 hell knights (Depths:3)
  7 sun demons
  A wretched star (Abyss:3)
  A titan skeleton (Depths:2)
  8 deep elf knights
  4 skysharks
  6 salamander mystics
  4 flayed ghosts
  Amaemon (Lair:1)
  29 skeletal warriors
  3 goliath frogs
  A shining eye (shapeshifter) (Depths:3)
  A sixfirhy (Depths:3)
  6 glowing orange brains
  5 iron trolls
  42 deep trolls
  A golden dragon zombie (Depths:1)
  7 mana vipers
  A spark wasp zombie (Depths:2)
  A sea snake (Snake:2)
  9 bog bodies
  8 swamp dragons
  16 lindwurms
  8 arcanists
  A spriggan druid (Swamp:4)
  3 naga ritualists
  13 ironbound convokers
  Pikel (D:6)
  An anaconda skeleton (Crypt:1)
  7 phantasmal warriors
  9 orc knights
  22 deep elf zephyrmancers
  9 deep elf archers (Elf:1)
  15 deep elf pyromancers
  25 ugly things
  A wolf spider (Lair:5)
  A shadow dragon skeleton (Depths:1)
  A sphinx simulacrum (Depths:3)
  A harpy (shapeshifter) (D:15)
  7 necromancers
  9 shining eyes
  2 manticores
  3 oklob plants (Lair:5)
  4 will-o-the-wisps
  4 orc sorcerers
  A worldbinder (Abyss:3)
  8 cyclopes
  32 moths of wrath
  21 salamanders
  3 meliai (D:15)
  9 elephants
  Joseph (D:9)
  6 kobold blastminers
  12 naga magi
  An eye of devastation (Slime:1)
  38 black mambas
  2 smoke demons
  2 ice statues
  A molten gargoyle (Depths:2)
  10 large abominations
  10 guardian serpents
  13 vault sentinels
  4 orange demons
  An unseen horror (Depths:3)
  15 cane toads
  A gargoyle (D:11)
  5 tengu conjurers
  14 komodo dragons
  3 kobold demonologists
  2 ice devils (Lair:2)
  4 rime drakes
  5 freezing wraiths
  25 yaktaurs
  An anaconda simulacrum (Lair:2)
  A golden dragon simulacrum (Depths:3)
  4 ancient zymes (Abyss:3)
  2 great orb of eyes zombies (Slime:5)
  Psyche (D:8)
  9 trolls
  A harpy zombie (Crypt:1)
  A queen bee (Lair:4)
  13 hornets
  2 tengu simulacra
  6 tyrant leeches
  6 polar bears
  15 blink frogs
  5 glass eyes
  A harpy skeleton (Crypt:1)
  4 dream sheep (Lair:3)
  A frost giant simulacrum (Depths:3)
  52 slime creatures
  A spriggan zombie (Depths:2)
  8 air elementals
  6 water elementals
  13 wraiths
  A centaur simulacrum (Crypt:1)
  47 yaks
  2 vampires (D:11)
  11 wyverns
  A ynoxinul (Depths:2)
  An ettin skeleton (Crypt:1)
  4 basilisks
  5 golden eyes
  7 fire elementals
  19 vampire mosquitoes
  2 neqoxecs (Abyss:3)
  5 chaos spawn
  2 redbacks (Lair:5)
  2 steam dragons (D:9)
  2 wargs (Orc:1)
  A harpy simulacrum (Crypt:1)
  36 nagas
  13 swamp worms
  A hell hound (Elf:1)
  The ghost of TheLasagnaBaron the Nimble, an amateur SpMo (D:3)
  22 water moccasins
  3 acid dragons (D:11)
  8 ice beasts
  38 orc warriors
  15 swamp drakes
  A sky beast (D:8)
  A black bear (Depths:2)
  7 ogres
  4 small abominations
  A dream sheep zombie (Crypt:1)
  9 wolves
  5 boggarts (Vaults:1)
  8 centaurs
  A manticore skeleton (Crypt:1)
  2 weeping skulls (Abyss:3)
  Blork the orc (D:6)
  12 kobold brigands
  A gnoll sergeant (D:9)
  A brain worm (Abyss:3)
  15 bullfrogs
  5 earth elementals
  A scorpion (D:5)
  A glowing shapeshifter simulacrum (Depths:3)
  2 two-headed ogre simulacra (Lair:2)
  A wight (D:9)
  14 killer bees
  4 howler monkeys
  5 electric eels
  2 bullfrog zombies (D:3)
  A quasit (Abyss:3)
  A wyvern simulacrum (D:9)
  5 hounds
  10 jellies
  5 bombardier beetles
  18 orc priests
  A gnoll bouda (D:10)
  A sleepcap (D:4)
  27 orc wizards
  A spriggan simulacrum (Lair:2)
  A naga skeleton (Crypt:1)
  14 gnolls
  8 adders
  A shadow imp (D:5)
  2 white imps
  4 ufetubi
  4 ribbon worms
  4 dart slugs
  92 orcs
  3 bats
  18 endoplasms
  3 giant cockroaches
  4 goblins
  5 hobgoblins
  8 jackals
  24 kobolds
  2 quokkas (D:2)
  9 ball pythons
  2 frilled lizards (D:2)
  6 rats
  A rat zombie (Crypt:1)
  A river rat skeleton (Crypt:1)
2031 creatures vanquished.

Vanquished Creatures (collateral kills)
  An ancient lich (Zot:5)
  An orb of fire (Zot:3)
  A juggernaut (Depths:4)
  A caustic shrike (Depths:4)
  A golden dragon (Zot:3)
  2 tentacled monstrosities
  6 Orb Guardians (Zot:5)
  A walking frostbound tome (Depths:2)
  A sphinx (Vaults:4)
  7 acid blobs
  2 death cobs
  A shadow dragon (Depths:4)
  2 storm dragons
  4 azure jellies (Slime:5)
  3 draconian knights
  A fire giant (Depths:3)
  A draconian monk (Zot:1)
  2 vault wardens
  2 frost giants
  A draconian shifter (Zot:1)
  A draconian stormcaller (Zot:4)
  2 quicksilver oozes
  An ironbound thunderhulk (Vaults:3)
  6 very ugly things (Depths:4)
  5 ironbound preservers
  3 stone giants
  3 green draconians
  2 black draconians
  A purple draconian (Zot:3)
  A vampire knight (Depths:4)
  2 white draconians
  2 yellow draconians
  3 red draconians
  4 fire dragons
  3 ettins
  A rakshasa (Depths:4)
  A yaktaur captain (Vaults:4)
  5 great orbs of eyes
  A centaur warrior (D:15)
  3 vault guards
  2 ironbound frosthearts (Vaults:2)
  3 radroaches (Zot:5)
  A peacekeeper (Vaults:3)
  2 deep troll earth magi (Depths:3)
  A deep troll shaman (Depths:3)
  2 tengu warriors (D:15)
  A spriggan berserker (Depths:2)
  2 iron trolls
  2 hell knights (Depths:3)
  A salamander mystic (Depths:4)
  2 lindwurms (Vaults:1)
  16 deep trolls
  An arcanist (Vaults:2)
  3 ironbound convokers
  2 necromancers
  2 orc knights (Orc:2)
  A shining eye (Slime:4)
  2 moths of wrath
  3 salamanders (Depths:4)
  5 ugly things
  2 vault sentinels
  An eye of devastation (Slime:5)
  2 tengu conjurers (D:15)
  3 yaktaurs
  3 glass eyes
  A frost giant simulacrum (Depths:1)
  13 slime creatures
  5 golden eyes
  A steam dragon (D:7)
  A naga (Snake:2)
  2 ice beasts
  3 orc warriors (Orc:2)
  A wolf (D:10)
  3 centaurs (D:15)
  A bombardier beetle (D:7)
  3 orc priests
  9 orcs
  A hobgoblin (D:2)
  A quokka (D:1)
  A ball python (D:3)
  2 kobolds
204 creatures vanquished.

Vanquished Creatures (others)
  A caustic shrike zombie (Depths:4)
  2 acid blob zombies (Slime:5)
  A two-headed ogre (D:11)
  5 Orb Guardian zombies (Zot:5)
  A shock serpent (Snake:4)
  A deep troll (D:15)
  A lindwurm (Vaults:4)
  3 deep elf zephyrmancers
  4 draconian zombies
  7 ugly thing zombies
  2 dire elephant zombies (Vaults:2)
  A cane toad (Lair:3)
  A purple draconian zombie (Zot:3)
  3 red draconian zombies
  A black draconian zombie (Zot:5)
  2 yellow draconian zombies
  4 green draconian zombies
  2 white draconian zombies
  3 great orb of eyes zombies
  3 moth of wrath zombies
  A spriggan zombie (Depths:2)
  5 slime creatures (Vaults:3)
  5 slime creature zombies
  A golden eye (Slime:3)
  14 deep troll zombies
  16 human zombies
  3 lindwurm zombies
  4 yaktaur zombies
  An orc wizard (Orc:2)
  2 hound zombies
  15 orc zombies
  22 foxfires
  8 starspawn tentacles (Abyss:3)
145 creatures vanquished.

Grand Total: 2380 creatures vanquished

Notes
Turn   | Place    | Note
-------+----------+-------------------------------------------
     0 | D:1      | ragingrage the Ghoul Necromancer began the quest for the
                  | Orb.
     0 | D:1      | Reached XP level 1. HP: 14/14 MP: 3/3
   100 | D:1      | Reached skill level 1 in Unarmed Combat
   112 | D:1      | Reached XP level 2. HP: 20/20 MP: 0/4
   513 | D:1      | Found a faded altar of an unknown god.
   690 | D:1      | Reached XP level 3. HP: 26/26 MP: 2/5
   797 | D:2      | Reached skill level 2 in Unarmed Combat
  1344 | D:2      | Reached XP level 4. HP: 9/33 MP: 0/6
  1915 | D:3      | Learned a level 3 spell: Vampiric Draining
  2137 | D:3      | Reached skill level 5 in Necromancy
  2166 | D:3      | Reached skill level 3 in Unarmed Combat
  2371 | D:3      | Found a runed translucent gate.
  2371 | D:3      | Found a runed translucent gate.
  2377 | D:3      | Found a runed translucent gate.
  2381 | D:3      | Noticed TheLasagnaBaron's ghost (amateur SpMo)
  2469 | D:3      | Reached XP level 5. HP: 38/38 MP: 2/7
  2681 | D:3      | Found Otiettule's Assorted Antiques.
  2685 | D:3      | Bought a scroll labelled FOSIFA MAPOSA for 25 gold pieces
  2685 | D:3      | Bought a viscous black potion for 22 gold pieces
  2685 | D:3      | Bought an amethyst potion for 22 gold pieces
  2685 | D:3      | Bought a white potion for 22 gold pieces
  2685 | D:3      | Bought a scroll labelled MAWOAMI TUCEUXT for 25 gold pieces
  2685 | D:3      | Bought a scroll labelled EXZOXZEOLU for 25 gold pieces
  2944 | D:4      | Reached skill level 4 in Unarmed Combat
  3023 | D:4      | Identified the +5 dagger "Killer Klown's Foe" {freeze,
                  | rElec rPois rN+}
  3306 | D:4      | Reached skill level 5 in Unarmed Combat
  3589 | D:4      | Reached XP level 6. HP: 45/45 MP: 6/8
  3959 | D:5      | Entered Level 5 of the Dungeon
  3965 | D:5      | Learned a level 4 spell: Animate Dead
  4144 | D:5      | Reached skill level 6 in Unarmed Combat
  4745 | D:6      | Identified the +0 robe "Uklubaugg" {rN+ Int+2}
  4828 | D:6      | Reached skill level 7 in Unarmed Combat
  4828 | D:6      | Reached XP level 7. HP: 26/50 MP: 1/9
  4985 | D:6      | Found a radiant altar of Vehumet.
  4987 | D:6      | Found a hide-covered altar of Uskayaw.
  5088 | D:6      | Noticed Pikel
  5090 | D:6      | Reached skill level 8 in Unarmed Combat
  5099 | D:6      | Killed Pikel
  5100 | D:6      | Reached skill level 9 in Unarmed Combat
  5100 | D:6      | Reached XP level 8. HP: 33/66 MP: 6/10
  5220 | D:6      | Found a staircase to the Ecumenical Temple.
  5319 | D:6      | Noticed Blork the orc
  5331 | D:6      | Killed Blork the orc
  5348 | Temple   | Entered the Ecumenical Temple
  5361 | D:6      | Became a worshipper of Uskayaw the Reveller
  5579 | D:6      | Reached * piety under Uskayaw
  5622 | D:7      | Found an iron altar of Okawaru.
  5628 | D:7      | Noticed a two-headed ogre
  5644 | D:7      | Reached ** piety under Uskayaw
  5649 | D:7      | Reached *** piety under Uskayaw
  5654 | D:7      | Reached **** piety under Uskayaw
  5657 | D:7      | Killed a two-headed ogre
  5658 | D:7      | Reached skill level 5 in Fighting
  5658 | D:7      | Reached skill level 10 in Unarmed Combat
  5658 | D:7      | Reached skill level 1 in Invocations
  5658 | D:7      | Reached XP level 9. HP: 38/74 MP: 11/11
  6789 | D:8      | Found a stormy altar of Qazlal.
  6811 | D:8      | Identified the +1 whip "Fatukhluasm" {pain, rPois Str+3
                  | Int+3 Dex+2}
  6830 | D:8      | Noticed Psyche
  6861 | D:8      | Paralysed by Psyche for 1 turns
  6867 | D:8      | Killed Psyche
  6974 | D:8      | Noticed a two-headed ogre
  6985 | D:8      | HP: 1/78 [two-headed ogre/+0 giant club (5)]
  6985 | D:8      | Reached ***** piety under Uskayaw
  6987 | D:8      | Killed a two-headed ogre
  6988 | D:8      | Reached skill level 11 in Unarmed Combat
  6988 | D:8      | Reached XP level 10. HP: 1/86 MP: 11/13
  7363 | D:8      | Reached skill level 5 in Dodging
  7706 | D:8      | Identified 2 scrolls of acquirement
  7707 | D:8      | Acquired the +18 Lear's hauberk
  7707 | D:8      | Found the +18 Lear's hauberk
  7932 | D:10     | Entered Level 10 of the Dungeon
  7961 | D:10     | Noticed a two-headed ogre
  8058 | D:9      | Reached skill level 12 in Unarmed Combat
  8091 | D:9      | Found a runed translucent door.
  8130 | D:9      | Reached ****** piety under Uskayaw
  8144 | D:9      | Reached skill level 13 in Unarmed Combat
  8245 | D:9      | Noticed Harold
  8275 | D:9      | Killed Harold
  8528 | D:9      | Reached XP level 11. HP: 92/92 MP: 14/14
  8532 | D:9      | Reached skill level 14 in Unarmed Combat
  8641 | D:9      | Found a runed translucent door.
  8743 | D:9      | Found a runed translucent door.
  8743 | D:9      | Noticed a centaur warrior
  8743 | D:9      | Noticed Stellion's ghost (journeyman CoGl)
  9015 | D:10     | Found a snail-covered altar of Cheibriados.
  9084 | D:10     | Killed a two-headed ogre
  9085 | D:10     | Reached skill level 5 in Invocations
  9149 | D:10     | Noticed a two-headed ogre
  9159 | D:10     | Killed a two-headed ogre
  9487 | D:10     | Noticed a two-headed ogre
  9493 | D:10     | Killed a two-headed ogre
  9925 | D:10     | Found a broken altar of Ashenzari.
 10158 | D:10     | Reached skill level 15 in Unarmed Combat
 10468 | D:11     | Noticed a two-headed ogre
 10488 | D:11     | Reached skill level 1 in Armour
 10492 | D:11     | Killed a two-headed ogre
 10493 | D:11     | Reached skill level 1 in Throwing
 10641 | D:11     | Noticed a two-headed ogre
 10648 | D:11     | Killed a two-headed ogre
 10825 | D:11     | Found a staircase to the Orcish Mines.
 10832 | D:11     | Noticed a two-headed ogre
 10832 | D:11     | Noticed a cyclops
 10869 | D:11     | Reached XP level 12. HP: 27/100 MP: 18/18
 11432 | D:11     | Acquired a +2 hand cannon of draining
 11796 | D:11     | Found a staircase to the Lair.
 12129 | D:12     | Noticed a two-headed ogre
 12141 | D:12     | Killed a two-headed ogre
 12305 | D:12     | Noticed Erolcha
 12315 | D:12     | Killed Erolcha
 12364 | D:12     | Noticed a two-headed ogre
 12372 | D:12     | Killed a two-headed ogre
 12679 | Lair:1   | Entered Level 1 of the Lair of Beasts
 12773 | Lair:1   | Noticed Urug
 12805 | Lair:1   | Killed Urug
 13346 | Lair:1   | Noticed Amaemon
 13359 | Lair:1   | Killed Amaemon
 13888 | Lair:2   | Reached XP level 13. HP: 104/111 MP: 20/20
 13914 | Lair:2   | Reached skill level 16 in Unarmed Combat
 14043 | Lair:2   | Reached skill level 5 in Armour
 14085 | Lair:2   | Reached skill level 5 in Throwing
 14273 | Lair:2   | Found a staircase to the Swamp.
 14386 | Lair:2   | Reached skill level 10 in Invocations
 15049 | Lair:2   | Reached skill level 10 in Fighting
 16420 | Lair:3   | Found a staircase to the Snake Pit.
 16568 | Lair:4   | Reached XP level 14. HP: 72/121 MP: 22/22
 16712 | Lair:4   | Noticed Snorg
 16722 | Lair:4   | Killed Snorg
 16884 | Lair:4   | Found a transporter.
 16888 | Lair:4   | Noticed Azoth's ghost (journeyman TrSh)
 16914 | Lair:4   | Found a transporter.
 17363 | Lair:5   | Entered Level 5 of the Lair of Beasts
 19383 | Lair:5   | Found a viscous altar of Jiyva.
 19690 | Lair:5   | Reached skill level 10 in Armour
 19980 | Lair:5   | Reached skill level 10 in Throwing
 20203 | Lair:5   | Reached XP level 15. HP: 126/126 MP: 23/23
 20444 | Orc:1    | Entered Level 1 of the Orcish Mines
 20736 | Orc:1    | Noticed an orc warlord
 20757 | D:11     | Killed an orc warlord
 20922 | Orc:2    | Entered Level 2 of the Orcish Mines
 20936 | Orc:2    | Found a staircase to the Elven Halls.
 20972 | Orc:2    | Found a roughly hewn altar of Beogh.
 21050 | Orc:2    | Found Bungiore's Distillery.
 21058 | Orc:2    | Bought a potion of curing for 39 gold pieces
 21058 | Orc:2    | Bought a potion of heal wounds for 65 gold pieces
 21193 | Orc:2    | Noticed Nessos
 21230 | Orc:2    | Noticed Donald
 21332 | Orc:2    | Killed Donald
 21333 | Orc:2    | Reached skill level 1 in Evocations
 21926 | D:12     | Reached skill level 17 in Unarmed Combat
 22140 | D:13     | Found Dyihelekh's Assorted Antiques.
 22226 | D:13     | Bought a sack of spiders for 1040 gold pieces
 22226 | D:13     | Bought a blackened opal ring for 130 gold pieces
 22574 | D:13     | Found the +0 mask of the Dragon {Will+ Slay+3 SInv}
 22989 | D:14     | Identified the +2 robe of Tender Moments {Dex+3}
 23128 | D:14     | Found a hide-covered altar of Uskayaw.
 23236 | D:14     | Found a gate to the Vaults.
 24333 | D:15     | Entered Level 15 of the Dungeon
 24423 | D:15     | Reached skill level 5 in Evocations
 24465 | D:15     | Reached skill level 18 in Unarmed Combat
 24623 | D:15     | Found a flickering gateway to a bazaar.
 24645 | Bazaar   | Entered a bazaar
 24645 | Bazaar   | Found Juzis's Assorted Antiques.
 24645 | Bazaar   | Found Paodilym's Antique Armour Emporium.
 24645 | Bazaar   | Found Hosem's Book Shop.
 24645 | Bazaar   | Found Meuter's Weapon Shoppe.
 24745 | Bazaar   | Found Boca's Distillery.
 24782 | Bazaar   | Bought a fading ring mail for 261 gold pieces
 24782 | Bazaar   | Identified the +3 ring mail of the Guardian {rElec rCorr}
                  | (You bought it in a shop in a bazaar)
 24792 | Bazaar   | Bought a potion of might for 36 gold pieces
 24792 | Bazaar   | Bought a potion of heal wounds for 45 gold pieces
 24798 | Bazaar   | Bought a purple potion for 30 gold pieces
 25032 | D:15     | Found a staircase to the Depths.
 25771 | Orc:2    | Found Xerud's Distillery.
 25784 | Orc:2    | Found a roughly hewn altar of Beogh.
 26333 | Orc:1    | Reached XP level 16. HP: 37/134 MP: 24/24
 27027 | Orc:2    | Killed Nessos
 27281 | Orc:1    | Found Boeq's Antique Weapon Emporium.
 28102 | Orc:2    | Found a roughly hewn altar of Beogh.
 28165 | Orc:2    | Found a roughly hewn altar of Beogh.
 28354 | Orc:2    | Found Baxkick's Jewellery Emporium.
 28459 | Orc:2    | Found Eskiang's Antique Weapon Boutique.
 28460 | Orc:2    | Found a roughly hewn altar of Beogh.
 28464 | Orc:2    | Found Septewk's Antique Armour Shop.
 28680 | Swamp:1  | Entered Level 1 of the Swamp
 31305 | Swamp:2  | Acquired the +3 warlock's mirror {omnireflect}
 31305 | Swamp:2  | Found the +3 warlock's mirror {omnireflect}
 32181 | Swamp:3  | Reached skill level 1 in Shields
 32184 | Swamp:3  | Noticed a fenstrider witch
 32547 | Swamp:2  | Killed a fenstrider witch
 33077 | Lair:4   | Killed Azoth's ghost
 33578 | Swamp:3  | Found a transporter.
 33593 | Swamp:3  | Noticed Okut Hesm's ghost (adept OnWr)
 33656 | Swamp:3  | Reached XP level 17. HP: 144/144 MP: 26/26
 33981 | Swamp:3  | Found a transporter.
 34098 | Swamp:4  | Entered Level 4 of the Swamp
 34161 | Swamp:3  | Got the Excursus on Congregated Flames
 35088 | Swamp:4  | Identified the +9 trident "Dyomyikhu" {freeze, Dex+2 SInv}
 35633 | Swamp:4  | Got a decaying rune of Zot
 36212 | Snake:1  | Entered Level 1 of the Snake Pit
 37530 | Snake:2  | Reached skill level 5 in Shields
 37565 | Snake:3  | Noticed Vashnia
 38838 | Snake:3  | Found a burning altar of Makhleb.
 39029 | Snake:3  | Reached XP level 18. HP: 107/154 MP: 28/28
 39666 | Snake:3  | Identified the serpent talisman of the Stonemason {rCorr
                  | Int+3 SInv Stlth+}
 39666 | Snake:3  | Noticed Aizul
 39685 | Snake:3  | Killed Aizul
 39686 | Snake:3  | Reached skill level 1 in Ranged Weapons
 39798 | Snake:4  | Entered Level 4 of the Snake Pit
 41002 | Snake:4  | Found an opulent altar of Gozag.
 41664 | Snake:4  | Reached skill level 15 in Invocations
 42115 | Snake:4  | Noticed a quicksilver dragon
 42125 | Snake:4  | Killed a quicksilver dragon
 42464 | Snake:4  | Got a serpentine rune of Zot
 42965 | Snake:3  | Found Lataepots's Jewellery Emporium.
 42966 | Snake:3  | Found Femnim's Book Boutique.
 42968 | Snake:3  | Found Nyfat's Jewellery Emporium.
 43037 | Snake:3  | Killed Vashnia
 43973 | Elf:1    | Entered Level 1 of the Elven Halls
 43995 | Elf:1    | Reached XP level 19. HP: 161/161 MP: 30/30
 44167 | Elf:1    | Paralysed by an air elemental for 1 turns
 44402 | Elf:1    | Paralysed by an air elemental for 1 turns
 44441 | Elf:1    | Paralysed by an air elemental for 1 turns
 44707 | Elf:1    | Noticed Azrael
 44720 | Elf:1    | Killed Azrael
 44827 | Elf:2    | Found a runed translucent gate.
 45573 | Elf:3    | Entered Level 3 of the Elven Halls
 45858 | Elf:3    | Found a flickering gateway to a bazaar.
 45900 | Bazaar   | Entered a bazaar
 46097 | Bazaar   | Found Sajiadd's Jewellery Emporium.
 46098 | Bazaar   | Found Dija's Antique Armour Emporium.
 46137 | Bazaar   | Found Kakhlur's Distillery.
 46137 | Bazaar   | Found Voaczaqou's Weapon Shoppe.
 46145 | Bazaar   | Bought a potion of haste for 140 gold pieces
 46145 | Bazaar   | Bought a potion of heal wounds for 70 gold pieces
 46177 | Bazaar   | Bought a pair of embroidered gloves for 172 gold pieces
 46777 | Elf:1    | Found Jozis's Jewellery Shop.
 46778 | Elf:1    | Found Laklyruh's General Store.
 46780 | Elf:1    | Found Peep's Magic Scroll Shop.
 46783 | Elf:1    | Found Niorit's Book Shop.
 46788 | Elf:1    | Bought a scroll of fear for 64 gold pieces
 47199 | Elf:2    | Found a runed translucent gate.
 47218 | Elf:2    | Paralysed by an air elemental for 1 turns
 47223 | Elf:2    | Paralysed by an air elemental for 1 turns
 47235 | Elf:2    | Reached skill level 19 in Unarmed Combat
 47237 | Elf:2    | Found a runed translucent gate.
 47247 | Elf:2    | Found an opulent altar of Gozag.
 47247 | Elf:2    | Noticed Xuahaunu's ghost (adept MfIE)
 47874 | Elf:2    | Paralysed by an air elemental for 1 turns
 47965 | Elf:2    | Found Myutz's Distillery.
 47968 | Elf:2    | Bought a potion of heal wounds for 80 gold pieces
 48433 | Elf:2    | Found a huge runed translucent gate.
 48433 | Elf:2    | Found a huge runed translucent gate.
 48433 | Elf:2    | Found a huge runed translucent gate.
 48433 | Elf:2    | Found a huge runed translucent gate.
 48434 | Elf:2    | Found a huge runed translucent gate.
 50772 | Elf:3    | Identified the +3 long sword of Tenacity {venom, rPois
                  | Int+4 SInv}
 51037 | Elf:3    | Identified the +7 demon trident of Reason {venom, ^Drain
                  | rN+ Will+ Dex+3}
 51037 | Elf:3    | Identified the +2 leather armour of the Goldsmith {Rampage
                  | rElec rCorr}
 51063 | Elf:3    | Identified the +0 great sword of Sharkskin {venom, rElec
                  | rN+ Int-5}
 51072 | Elf:3    | Noticed an Ice Fiend
 51099 | Abyss:3  | Cast into level 3 of the Abyss (a deep elf sorcerer)
 51302 | Abyss:3  | Reached XP level 20. HP: 150/174 MP: 24/31
 51695 | Abyss:3  | Noticed a bone dragon
 51715 | Abyss:3  | Killed a bone dragon
 51945 | Elf:3    | Escaped the Abyss
 52009 | Elf:3    | Identified the +3 hand axe of Elirch {venom, rPois rF-
                  | Int+4 SInv}
 52665 | Elf:3    | Learned a level 6 spell: Death Channel
 52671 | Elf:3    | Learned a level 5 spell: Borgnjor's Vile Clutch
 52686 | Elf:3    | Identified the +4 shortbow of Symmetry {drain, rElec rC+
                  | MP+9}
 53556 | Vaults:1 | Entered Level 1 of the Vaults
 53641 | Vaults:1 | Reached skill level 20 in Unarmed Combat
 53751 | Vaults:1 | Noticed Zenata
 53768 | Vaults:1 | Killed Zenata
 53769 | Vaults:1 | Reached skill level 5 in Stealth
 53789 | Vaults:1 | Found a magical portal.
 53839 | WizLab   | Entered Tukima's Studio
 54021 | WizLab   | Identified the +8 hand cannon "Ujowkunt" {penet, ^Contam
                  | +Blink rF++}
 54285 | WizLab   | Identified the +4 steam dragon scales of Xom's Whim {^Drain
                  | rN+ Regen+ Stlth+}
 54866 | WizLab   | Identified the +4 longbow "Getit" {speed, rPois Will-
                  | rCorr}
 55486 | Vaults:1 | Reached skill level 15 in Throwing
 56008 | Vaults:1 | Noticed Saint Roka
 56029 | Vaults:1 | Killed Saint Roka
 56745 | Vaults:1 | Reached XP level 21. HP: 114/181 MP: 32/32
 58542 | Vaults:2 | Reached skill level 10 in Dodging
 59495 | Vaults:3 | Reached skill level 10 in Necromancy
 59515 | Vaults:3 | Found a staircase to the Crypt.
 59913 | Vaults:3 | Noticed Xtahua
 59929 | Vaults:3 | Killed Xtahua
 61259 | Vaults:3 | Reached XP level 22. HP: 119/189 MP: 33/33
 63253 | Vaults:4 | Identified the +4 leather armour "Vimos" {Will- Str+4}
 63435 | Vaults:4 | Reached skill level 1 in Earth Magic
 64523 | Elf:3    | Learned a level 2 spell: Blink
 64688 | Depths:1 | Entered Level 1 of the Depths
 65086 | Depths:1 | Reached skill level 1 in Translocations
 65264 | Depths:1 | Identified the +3 robe of Twilight {Dex+4}
 65264 | Depths:1 | Noticed Boris
 65279 | Depths:1 | Killed Boris
 65939 | Depths:1 | Found an ornate altar of the Wu Jian Council.
 65972 | Depths:1 | Found a stormy altar of Qazlal.
 66088 | Depths:1 | Found a portal to a secret trove of treasure.
 66741 | Crypt:1  | Entered Level 1 of the Crypt
 66860 | Crypt:1  | Noticed Bai Suzhen
 66881 | Crypt:1  | Killed Bai Suzhen
 67336 | Crypt:1  | Reached XP level 23. HP: 157/198 MP: 34/34
 68124 | Crypt:1  | Reached skill level 15 in Fighting
 69485 | Elf:1    | Bought Ciex's Grimoire of Maleficent Deeds for 330 gold
                  | pieces
 69489 | Elf:1    | Learned a level 3 spell: Fugue of the Fallen
 69687 | Depths:1 | Found a gateway to Hell.
 69902 | Depths:2 | Reached skill level 15 in Necromancy
 70339 | Depths:2 | Reached skill level 21 in Unarmed Combat
 70996 | Depths:2 | Acquired the amulet "Wetoutiv" {Spirit Int+2 Dex+2}
 71078 | Depths:2 | Reached skill level 5 in Earth Magic
 71189 | Depths:2 | Reached skill level 5 in Translocations
 71533 | Depths:2 | Identified the ring of the Equinox {Fly Dex+5}
 71545 | Depths:2 | Found the ring of the Octopus King {rN+ HP+2 AC+2 EV+2
                  | SH+2}
 71569 | Depths:2 | Identified the staff of Righteous Anger {rPois rF+ rC++
                  | Alchemy}
 71573 | Depths:2 | Identified the +3 shortbow of Sili {flame, Str+4 Int+2}
 71947 | Depths:2 | Found a one-way gate leading to the halls of Pandemonium.
 72292 | Snake:3  | Bought Alela's Precepts of Vivid Geometry for 506 gold
                  | pieces
 72294 | Snake:3  | Learned a level 1 spell: Apportation
 73464 | Depths:3 | Identified the orb of Cocytus {*channel, Will+ Int+3}
 73464 | Depths:3 | Noticed Frederick
 73586 | Depths:3 | Killed Frederick
 74106 | Depths:3 | Noticed Margery
 74113 | Depths:3 | Reached XP level 24. HP: 145/207 MP: 17/34
 74113 | Depths:3 | Killed Margery
 74121 | Depths:3 | Identified the ring of Dafat {Ice rPois Will+}
 74121 | Depths:3 | Noticed Josephina
 74130 | Depths:3 | Found a radiant altar of Vehumet.
 74470 | Depths:2 | Killed Josephina
 74747 | Depths:3 | Found Janeuqyx's Book Shop.
 74750 | Depths:3 | Found Weunwi Gasy's Book Boutique.
 74752 | Depths:3 | Found Uzilaotal's Jewellery Shop.
 74785 | Depths:3 | Bought a manual of Fighting for 960 gold pieces
 75100 | Depths:3 | Acquired a manual of Dodging
 75326 | Depths:3 | Found a one-way gate to the infinite horrors of the Abyss.
 75924 | Depths:4 | Entered Level 4 of the Depths
 76046 | Depths:4 | Identified the +2 orcbow of Exoneration {freeze, Fly rPois
                  | rF+ Str+2}
 76090 | Depths:4 | Reached skill level 10 in Evocations
 76194 | Depths:4 | Noticed a caustic shrike
 76195 | Depths:4 | Noticed a caustic shrike
 76197 | Depths:4 | Noticed a caustic shrike
 76197 | Depths:4 | Noticed a caustic shrike
 76202 | Depths:4 | Killed a caustic shrike
 76204 | Depths:4 | Killed a caustic shrike
 76206 | Depths:4 | Killed a caustic shrike
 76207 | Depths:4 | Killed a caustic shrike
 76420 | Depths:4 | Noticed a juggernaut
 76427 | Depths:4 | Killed a juggernaut
 76502 | Depths:4 | Found a gate to the Realm of Zot.
 76673 | Depths:4 | Found a one-way gateway to a ziggurat.
 78079 | D:3      | Killed TheLasagnaBaron's ghost
 78286 | D:9      | Noticed Joseph
 78294 | D:9      | Killed Joseph
 78363 | D:9      | Killed Stellion's ghost
 78816 | Lair:5   | Found a staircase to the Slime Pits.
 79071 | Slime:1  | Entered Level 1 of the Pits of Slime
 79278 | Slime:2  | Reached skill level 22 in Unarmed Combat
 79776 | Slime:1  | Reached XP level 25. HP: 173/228 MP: 21/35
 79987 | Slime:1  | You fall into a shaft and drop 1 floor!
 81622 | Slime:5  | Entered Level 5 of the Pits of Slime
 81945 | Slime:5  | Noticed the Royal Jelly
 82069 | Slime:5  | Reached skill level 15 in Dodging
 82285 | Slime:5  | Found a viscous altar of Jiyva.
 82631 | Slime:5  | Reached skill level 23 in Unarmed Combat
 82668 | Slime:5  | Killed the Royal Jelly
 82820 | Slime:5  | Identified the +2 pair of gloves of Idybotil {Int+3}
 82829 | Slime:5  | Identified the staff "Leupsud" {rF+ Will+ Earth}
 82831 | Slime:5  | Identified the +3 falchion "Orb Guardian's Bane" {flame,
                  | Dex+2}
 82839 | Slime:5  | Identified the +0 pair of boots "Luvvev" {rPois rN+}
 82866 | Slime:5  | Identified the +5 great mace "Wiyruept" {venom, +Blink Fly
                  | MP+9}
 82888 | Slime:5  | Got a slimy rune of Zot
 82921 | Slime:5  | Found the +8 pair of quick blades "Gyre" and "Gimble"
                  | {protect}
 82930 | Slime:5  | Got the Opusculum on the Unrefined Bonfire
 82946 | Slime:5  | Identified the +3 rapier of Gin and Tonic {flame, rElec
                  | SInv}
 82971 | Slime:5  | Identified the +4 longbow of Blood {speed, *Slow Will+
                  | Dex+2}
 83508 | Depths:1 | You showed the slimy rune of Zot to enter a treasure trove
 83509 | Trove    | Entered a treasure trove
 83514 | Trove    | Identified the +6 whip of Kouhegru {flame, rF++ Str-3}
 83517 | Trove    | Identified the +2 dagger of Qazlal's Generosity {flame, rN+
                  | Will+ Int+2}
 83527 | Trove    | Identified the +9 short sword of Jirixeho {speed, rPois}
 83529 | Trove    | Identified the +4 whip of the Land of Plenty {speed, rCorr}
 83536 | Trove    | Identified the +9 spear "Beast's Nightmare" {chaos, rElec
                  | rN+ MP+9 Dex+5}
 83546 | Trove    | Identified the +6 dagger of Mukkumur {spect, Str+5}
 83738 | Zot:1    | Entered Level 1 of the Realm of Zot
 83738 | Zot:1    | Found the +4 dragonskin cloak
 83738 | Zot:1    | Noticed Tiamat
 83761 | Zot:1    | Killed Tiamat
 84878 | Zot:1    | Noticed an orb of fire
 84897 | Zot:1    | Killed an orb of fire
 85248 | Zot:1    | Identified the +1 chain mail "Caqe" {+Blink Fly Will+}
 85465 | Zot:2    | Reached XP level 26. HP: 236/238 MP: 23/35
 86068 | Zot:2    | Identified the ring of Wariness {*Corrode rElec rN+ Str+3
                  | Int+5}
 87108 | Zot:3    | Noticed an orb of fire
 87127 | Zot:3    | Killed an orb of fire
 87130 | Zot:3    | Noticed an orb of fire
 87131 | Zot:3    | Killed an orb of fire
 88394 | Zot:4    | Reached skill level 24 in Unarmed Combat
 88400 | Zot:4    | Noticed an orb of fire
 88403 | Zot:4    | Killed an orb of fire
 88741 | Zot:4    | Noticed a Killer Klown
 88764 | Zot:4    | Killed a Killer Klown
 89828 | Zot:5    | Entered Level 5 of the Realm of Zot
 90054 | Zot:5    | Noticed a Killer Klown
 90075 | Zot:5    | Killed a Killer Klown
 90367 | Zot:5    | Reached XP level 27. HP: 246/246 MP: 22/36
 90375 | Zot:5    | Noticed an ancient lich
 90392 | Zot:5    | Killed an ancient lich
 90400 | Zot:5    | Reached skill level 25 in Unarmed Combat
 90408 | Zot:5    | Noticed an orb of fire
 90777 | Zot:5    | Killed an orb of fire
 91085 | Zot:5    | Noticed an orb of fire
 91086 | Zot:5    | Noticed an orb of fire
 91099 | Zot:5    | Killed an orb of fire
 91102 | Zot:5    | Killed an orb of fire
 91142 | Zot:5    | Noticed an orb of fire
 91145 | Zot:5    | Killed an orb of fire
 91145 | Zot:5    | Noticed an ancient lich
 91156 | Zot:5    | Killed an ancient lich
 91157 | Zot:5    | Reached skill level 26 in Unarmed Combat
 91888 | Zot:5    | Noticed an ancient lich
 91901 | Zot:5    | Killed an ancient lich
 91946 | Zot:5    | Noticed an orb of fire
 91961 | Zot:5    | Killed an orb of fire
 92008 | Zot:5    | Got the Orb of Zot
 92030 | Zot:5    | Noticed an orb of fire
 92043 | Zot:5    | Killed an orb of fire
 92166 | Depths:4 | Reached skill level 27 in Unarmed Combat
 92305 | Depths:1 | Noticed a seraph
 92390 | D:13     | Noticed Afeorari the pandemonium lord
 92487 | D:6      | Noticed Vayc Irroo the pandemonium lord
 92535 | D:4      | Noticed Besuh the pandemonium lord
 92596 | D:$      | Escaped with the Orb!

Illustrated notes

Levels and vault maps discovered:
D:1:      nicolae_arrival_washed_ashore, layout_rooms,
          dreamdust_ecumenical_altar_hidden_monk_grotto
D:2:      layout_loops_ring, kennysheep_generic_room_3
D:3:      layout_loops_ring, serial_shops, nicolae_shop_pleasant_corner_grove,
          gammafunk_ghost_necromancy
D:4:      layout_loops_ring
D:5:      minmay_chambers_of_fours, layout_basic, minmay_hedge_maze,
          amcnicky_mini_pool_small
D:6:      layout_gridville, mainiacjoe_overflow_catch_the_wave,
          minmay_temple_entry_gardened_gates, uniq_pikel, uniq_blork_the_orc
D:7:      layout_basic, okawaru_gym_becter
D:8:      layout_basic, mainiacjoe_overflow_brackets, uniq_psyche
D:9:      cheibrodos_histonic, layout_loops_cross, ebering_ghost_inner_flame,
          uniq_joseph, uniq_harold
D:10:     layout_loops_cross, mainiacjoe_overflow_chevrons,
          lemuel_coloured_pillars_altar, minivault_16
D:11:     layout_loops_cross, hellmonk_lair_entry_icy, orc_0_dummy,
          lightli_fourway_metalbox
D:12:     layout_cross, uniq_erolcha
D:13:     layout_irregular_city, serial_shops,
          nicolae_shop_pleasant_corner_grove, serial_rivers,
          chequers_serial_rivers_small_a, chequers_serial_rivers_room_a,
          chequers_serial_rivers_small_b, chequers_serial_rivers_micro_d,
          chequers_serial_rivers_micro_e, minmay_protected_statue
D:14:     layout_loops_ring, david_vaults_1, nicolae_uskayaw_suspiria
D:15:     hangedman_depths_entry_civil_slaughter, layout_cave_pools,
          dreamdust_princess_corridor, serial_shops, bzr_entry_road
Temple:   nicolae_temple_bog_church
Lair:1:   lemuel_slime, layout_chaotic_city, serial_bayou_shore_b, uniq_amaemon,
          uniq_urug
Lair:2:   dreamdust_isle_of_ice, layout_cellular_growth,
          minmay_swamp_entry_eels, grunt_forest_stairs_basic, grunt_megastairs_2
Lair:3:   layout_long_grid, alex1729_snake_entry_snake, grunt_megastairs_3
Lair:4:   layout_long_grid, gammafunk_ghost_hive, serial_bayou_shore_a,
          lemuel_fruit_tree, lemuel_fruit_fields, uniq_snorg
Lair:5:   hangedman_lair_tendril_chambers, layout_loops_ring,
          minmay_slime_entry_oklob_enclosed
Swamp:1:  layout_falls_marsh, evilmike_swamp_ruin_house_4, swamp_pool_1_2
Swamp:2:  layout_basic_swamp, nicolae_swamp_stuck_in_the_mud,
          infiniplex_staircase_pool
Swamp:3:  layout_falls_marsh, gammafunk_ghost_mausoleum,
          nicolae_swamp_very_dense_foliage
Swamp:4:  swamp_basic_johnstein, layout_basic_swamp, swamp_pool_1_2
Snake:1:  layout_grid_maze, special_room
Snake:2:  layout_misc_corridors, portal_ice_cave_entry_pillars_four,
          nicolae_snake_gridmaze_swirls, nicolae_snake_bzzzt
Snake:3:  layout_cave_pods, basic_altar, minmay_shop_grove, uniq_aizul,
          uniq_vashnia
Snake:4:  hellmonk_snake_rune_quicksilver_temple, layout_cave_town, basic_altar
Slime:1:  layout_caves
Slime:2:  layout_caves
Slime:3:  layout_caves, nicolae_slime_welcoming_committee
Slime:4:  layout_caves, cheibrodos_slime_lost_civilization_6
Slime:5:  slime_pit_nicolae_trefoil
Orc:1:    layout_caves, serial_shops, shop, special_room [special_room_kobold],
          mines2_lemuel
Orc:2:    grunt_orc_community_town_hall, layout_caves,
          grunt_orc_community_big_house_1, grunt_orc_community_big_house_2,
          grunt_orc_community_house_3, grunt_orc_community_house_3,
          grunt_orc_community_house_1, grunt_orc_community_house_2,
          grunt_orc_community_house_3, serial_shops, shop,
          nicolae_orc_stony_grotto, uniq_donald, uniq_nessos
Elf:1:    layout_loops_cross, minivault_28, minmay_shop_grid_forest,
          amcnicky_mini_rare_corridor_liquid, hex_tiny, lemuel_upstairs_altar,
          uniq_azrael
Elf:2:    elven_hall_of_blades_hangedman_alternative
          [infiniplex_blade_entry_pillars], layout_loops_cross,
          ebering_ghost_gozag, serial_shops, nicolae_shop_behind_doors,
          minivault_24, small_statue_intersection, minivault_20, uniq_agnes
Elf:3:    minmay_elf_hall_statues, layout_rooms, serial_shops, bzr_entry_islet,
          hangedman_elven_ridges
Vaults:1: infiniplex_enter_wizlab_spiral, vaults_mumra_minichess_inversion,
          nicolae_vaults_network_periphery, ontoclasm_vaults_ring_large,
          nicolae_vaults_turnstiles, grunt_vaults_twisty,
          nicolae_vaults_asterisk, ontoclasm_vaults_chip,
          dpeg_vaults_monster_box, nicolae_vaults_theta, layout_vaults_ring,
          uniq_zenata, uniq_saint_roka
Vaults:2: nicolae_vaults_minivaults, nicolae_vaults_trapezoid_layered,
          hangedman_vaults_stitches, nicolae_vaults_little_squares_5,
          grunt_vaults_trifunnel, vaults_room_door_ring,
          nicolae_vaults_closet_pinwheel_2, v_misc_9, v_misc_30,
          nicolae_vaults_house_2, nicolae_vaults_wine_cellar,
          nicolae_vaults_diagonal_hallway_6, nicolae_vaults_house_1,
          serial_ice_m, nicolae_vaults_double_plus_2, layout_vaults_maze
Vaults:3: dpeg_vaults_hating_casters, v_misc_28,
          nicolae_vaults_closet_pinwheel_4, serial_ice_b,
          nicolae_vaults_double_plus_3, nicolae_vaults_house_2, v_alt_pattern_3,
          v_rooms_4, vaults_room_boxed, lightli_orcish_oven,
          nicolae_vaults_house_3, minmay_crypt_entry_simple_plaza,
          layout_vaults_omnibox, uniq_xtahua
Vaults:4: grunt_vaults_hallway_short, nicolae_vaults_shelves_hall,
          vaults_room_door_ring, layout_vaults_omnigrid
Crypt:1:  layout_misc_corridors, grunt_megastairs_1, uniq_bai_suzhen
Crypt:2:  layout_misc_corridors
Depths:1: layout_basic, trove_entry_hex_spiral, nicolae_qazlal_eye_of_the_storm,
          hellmouth_1, nicolae_wu_jian_immortal_techniques, uniq_boris
Depths:2: minmay_the_grid_octo_tiled_squarecenter
          [minmay_the_grid_octo_thin_diamonds, minmay_the_grid_octo_toaster,
          minmay_the_grid_octo_chip, minmay_the_grid_octo_horde,
          minmay_the_grid_square_5x5_megaprize_open,
          minmay_the_grid_square_5x5_n, minmay_the_grid_square_5x5_tri_point,
          minmay_the_grid_square_5x5_shuriken,
          minmay_the_grid_square_5x5_two_small], layout_twisted_cross,
          grunt_hell_entry_dis_old, kennysheep_cross_room,
          rand_demon_pan_entry_9, nicolae_figureground_pulse
Depths:3: hangedman_cross_stitches, layout_honeycomb, nicolae_vehumet_radiance,
          hell_entry, minmay_room_of_horrors, minmay_shop_star,
          minmay_staircase_windowed_large, uniq_frederick, uniq_josephina,
          uniq_margery
Depths:4: grunt_zot_entry_bicorn, layout_cave_pools, enter_ziggurat_b,
          abyss_entry, chequers_serial_rivers_micro_a, hell_entry
Zot:1:    kennysheep_room_grid, layout_misc_corridors, skrybe_zot_glass_3,
          uniq_tiamat
Zot:2:    layout_onion_interference, st_small_dragon_hoard_2
Zot:3:    kennysheep_blocky_room, layout_basic, grunt_megastairs_4
Zot:4:    layout_gridlike, regret_index_zotdec_wing_it, zot_minivault_1
Zot:5:    layout_twisted_circle, grunt_ministairs_12

Skill      XL: |  1  2  3  4  5  6  7  8  9 10 11 12 13 14 15 16 17 18 19 20 21 22 23 24 25 26 27 |
---------------+----------------------------------------------------------------------------------+-----
Unarmed Combat | 1 2 3 5 7 9 10 11 13 15 16 18 19 20 21 22 23 24 27 | 27.0
Necromancy     | 5 7 11 14 16 | 16.0
Fighting       | 3 5 7 9 10 11 12 14 15 19 20 | 20.3
Dodging        | 2 4 5 6 8 11 13 16 | 16.0
Stealth        | 3 6 8 |  8.0
Invocations    | 1 4 8 9 11 12 13 15 16 18 19 | 19.0
Armour         | 2 4 7 10 11 12 13 14 | 14.0
Throwing       | 2 4 7 10 12 13 14 15 16 | 16.0
Evocations     | 6 9 10 12 | 12.0
Shields        | 2 5 6 |  6.0
Ranged Weapons | 4 |  4.0
Earth Magic    | 4 6 7 |  7.0
Translocations | 3 5 |  5.0
Spellcasting   | 3 4 |  4.0

Action                     |  1- 3 |  4- 6 |  7- 9 | 10-12 | 13-15 | 16-18 | 19-21 | 22-24 | 25-27 || total
---------------------------+-------+-------+-------+-------+-------+-------+-------+-------+-------++-------
  Melee: Unarmed           |    49 |   141 |   139 |   511 |  1219 |  1561 |  1564 |  1842 |  1045 ||  8071
         Punch             |     1 |     4 |     5 |    46 |   129 |    42 |       |       |       ||   227
   Fire: Hand cannon       |       |       |       |    25 |    56 |   105 |     1 |       |       ||   187
  Throw: Boomerang         |       |       |       |    10 |    20 |    48 |    91 |     4 |    72 ||   245
         Dart              |       |       |       |     6 |     6 |       |    10 |     4 |       ||    26
         Throwing net      |       |       |       |       |     4 |       |       |       |       ||     4
         Javelin           |       |       |       |       |     3 |       |     6 |     9 |     3 ||    21
   Cast: Necrotise         |    55 |   102 |    29 |       |       |       |       |       |       ||   186
         Animate Dead      |       |     3 |     2 |       |       |       |     7 |     9 |    11 ||    32
         Vampiric Draining |       |     2 |     7 |       |       |       |       |       |       ||     9
         Death Channel     |       |       |       |       |       |       |       |    29 |    30 ||    59
         Fugue of the Fall |       |       |       |       |       |       |       |    25 |    31 ||    56
         Apportation       |       |       |       |       |       |       |       |     8 |       ||     8
         Borgnjor's Vile C |       |       |       |       |       |       |       |     4 |     8 ||    12
         Blink             |       |       |       |       |       |       |       |       |     1 ||     1
 Invoke: Stomp             |       |       |       |     2 |     3 |    12 |    10 |     1 |     6 ||    34
         Grand Finale      |       |       |       |       |     3 |     2 |     1 |     2 |     5 ||    13
         Line Pass         |       |       |       |       |       |       |     2 |       |       ||     2
  Evoke: Wand              |       |       |       |     6 |    19 |    14 |     8 |     2 |     9 ||    58
         Lightning rod     |       |       |       |       |     3 |    10 |    10 |     3 |     4 ||    30
         Sack of spiders   |       |       |       |       |     1 |     1 |     3 |     1 |     1 ||     7
         Tin of tremorston |       |       |       |       |       |     4 |     5 |     3 |     4 ||    16
    Use: Scroll            |       |       |    10 |    12 |    12 |     8 |    10 |     6 |     8 ||    66
         Potion            |       |       |       |     7 |     2 |     2 |     4 |     2 |    14 ||    31
   Stab: Distracted        |       |     1 |       |       |       |     1 |     6 |    18 |     9 ||    35
         Paralysed         |       |       |     4 |    37 |    62 |   146 |   112 |   167 |   120 ||   648
         Sleeping          |       |       |     1 |     2 |       |       |     2 |    10 |     4 ||    19
         Petrified         |       |       |       |       |     4 |       |       |       |       ||     4
         Confused          |       |       |       |       |       |     1 |       |       |     1 ||     2
 Armour: Robe              |    39 |    76 |    65 |       |       |       |       |       |       ||   180
         Steam dragon scal |       |       |    40 |    14 |       |       |       |       |       ||    54
         Chain mail        |       |       |       |   405 |  1123 |  1390 |   200 |       |       ||  3118
         Ring mail         |       |       |       |       |       |       |   280 |    50 |   250 ||   580
         Quicksilver drago |       |       |       |       |       |       |   539 |  1074 |   560 ||  2173
  Dodge: Dodged            |    54 |    96 |   111 |   181 |   640 |   689 |   545 |   684 |   580 ||  3580
  Block: Buckler           |       |       |       |       |       |   415 |   453 |   492 |   355 ||  1715
         Reflection        |       |       |       |       |       |    43 |    72 |    38 |    37 ||   190

Table legend: (Time is in decaauts)
 A = Elapsed time spent in this place.
 B = Non-inter-level travel time spent in this place.
 C = Inter-level travel time spent in this place.
 D = Time resting spent in this place.
 E = Time spent auto-exploring this place.
 F = Levels seen in this place.
 G = Mean time per level.
                   A        B        C        D        E       F      G
               +--------+--------+--------+--------+--------+-----+--------+
         Total |  90379 |  83055 |   7324 |  28856 |  38415 |  59 | 1531.8 |
       Dungeon |  19206 |  16608 |   2598 |   4137 |   9418 |  15 | 1280.4 |
        Temple |      1 |      1 |      0 |      0 |      0 |   1 |    1.0 |
          Lair |   9535 |   8235 |   1300 |   2650 |   3874 |   5 | 1907.0 |
         Swamp |   6909 |   6581 |    328 |   3741 |   1738 |   4 | 1727.2 |
     Snake Pit |   7419 |   6808 |    611 |   2141 |   3029 |   4 | 1854.8 |
    Slime Pits |   3993 |   3772 |    221 |   1217 |   1847 |   5 |  798.6 |
  Orcish Mines |   4260 |   3972 |    288 |   2129 |   1043 |   2 | 2130.0 |
   Elven Halls |   8146 |   7682 |    464 |   3978 |   2392 |   3 | 2715.3 |
        Vaults |   8772 |   8294 |    478 |   1945 |   4839 |   4 | 2193.0 |
         Crypt |   2230 |   2154 |     76 |    793 |    983 |   2 | 1115.0 |
        Depths |   9560 |   8819 |    741 |   2591 |   4732 |   4 | 2390.0 |
           Zot |   7450 |   7237 |    213 |   2020 |   3979 |   5 | 1490.0 |
         Abyss |    783 |    783 |      0 |    413 |      0 |   1 |  783.0 |
        Bazaar |    478 |    478 |      0 |      0 |    389 |   2 |  239.0 |
         Trove |     57 |     57 |      0 |      0 |     25 |   1 |   57.0 |
        Wizlab |   1572 |   1572 |      0 |   1098 |    127 |   1 | 1572.0 |
               +--------+--------+--------+--------+--------+-----+--------+

Top non-repeatable levels by time:
   Elf:3: 4034 daAuts
Depths:2: 3461 daAuts
Vaults:3: 2967 daAuts
 Snake:4: 2779 daAuts
  Lair:5: 2623 daAuts
    D:11: 2374 daAuts
 Swamp:2: 2306 daAuts
   Orc:2: 2223 daAuts
  Lair:2: 2208 daAuts
Vaults:1: 2186 daAuts
Depths:3: 2143 daAuts
   Zot:4: 2134 daAuts
   Elf:2: 2085 daAuts
   Orc:1: 2037 daAuts
   Elf:1: 2026 daAuts
